 Dungeon Sprint DCSS version 0.21.2 (webtiles) character file.

1966 Fang the Cleaver (level 9, -2/96 HPs)
             Began as a Gargoyle Berserker on Dec 20, 2018.
             Was a High Priest of Trog.
             Slain by a catoblepas (19 damage)
             ... in the Dungeon (Sprint VII: "The Pits").
             The game lasted 00:02:19 (1464 turns).

Fang the Cleaver (Gargoyle Berserker)               Turns: 1464, Time: 00:02:20

Health: -2/96      AC: 23    Str: 29    XL:     9   Next: 19%
Magic:  9/9        EV: 13    Int:  8    God:    Trog [*****.]
Gold:   0          SH:  0    Dex: 12    Spells: 8/8 levels left

rFire    . . .     SeeInvis .   o - +4 war axe (chop)
rCold    . . .     Gourm    .   (no shield)
rNeg     + . .     Faith    .   j - +3 plate armour
rPois    ∞         Spirit   .   (no helmet)
rElec    +         Reflect  .   (no cloak)
rCorr    .         Harm     .   (no gloves)
MR       .....     NoTele   +   (no boots)
Stlth    ..........             (no amulet)
HPRegen  0.26/turn              q - +3 ring of evasion
MPRegen  0.11/turn              s - +3 ring of dexterity

@: berserking, starving, very quick
A: negative energy resistance 1, electricity resistance, unbreathing,
petrification resistance, rot immunity, AC +6
a: Berserk, Trog's Hand, Brothers in Arms, Burn Spellbooks, Renounce Religion


You were in the Dungeon.
You worshipped Trog.
Trog was extremely pleased with you.
You were starving.

You visited 1 branch

Inventory:

Hand Weapons
 m - a +2 hand axe of freezing
 o - a +4 war axe of chopping (weapon)
 p - a +1 antimagic battleaxe
Armour
 j - a +3 plate armour (worn)
Jewellery
 q - a +3 ring of evasion (left hand)
 s - a +3 ring of dexterity (right hand)
Scrolls
 i - a scroll of blinking
 k - 3 scrolls of remove curse
 l - a scroll of summoning
Potions
 a - 2 potions of invisibility
 d - 6 potions of curing
 e - 9 potions of heal wounds
 f - a potion of haste
 g - 4 potions of magic
 h - 3 potions of berserk rage
 r - 3 potions of brilliance
 t - 3 potions of might
Comestibles
 c - 9 rations


   Skills:
 + Level 11.0 Fighting
 + Level 12.9 Axes
 + Level 9.7 Armour
 + Level 5.4 Dodging
 + Level 2.9 Stealth


You had 8 spell levels left.
You didn't know any spells.

Dungeon Overview and Level Annotations

Branches:
Dungeon (1/1)

Altars:
Ashenzari
Cheibriados
Dithmenos
Elyvilon
Fedhas
Gozag
Hepliaklqana
Kikubaaqudgha
Makhleb
Nemelex Xobeh
Okawaru
Qazlal
Ru
Sif Muna
Trog
Uskayaw
Vehumet
Wu Jian
Xom
Yredelemnul
Zin
The Shining One
Beogh
Jiyva
Lugonu


Innate Abilities, Weirdness & Mutations

You are resistant to torment.
Your stone body is resilient. (AC +6)
You are immune to poison.
You resist negative energy. (rN+)
You are resistant to electric shocks. (rElec)
You can survive without breathing.
You are immune to petrification.
You are immune to rotting.


Message History

There is an open door here.
The black mamba bites you! The black mamba barely misses you.
The catoblepas gores you!!
The black mamba bites you but does no damage.
You slash the black mamba!
The black mamba is moderately wounded.
You hit the catoblepas but do no damage.
The black mamba barely misses you. The catoblepas gores you!!
* * * LOW HITPOINT WARNING * * *
The black mamba bites you but does no damage.
Unknown command.
A red film seems to cover your vision as you go berserk!
You feel yourself moving faster!
You feel mighty!
You are starving!
The black mamba bites you.
* * * LOW HITPOINT WARNING * * *
The catoblepas closely misses you. The black mamba barely misses you.
Your plate armour prevents you from hitting the catoblepas.
You slash the black mamba! The catoblepas gores you!!
You die...

'#####'#####''######
.##.......##''#####
.##.......##......#
###.......##....###
.##...<...##...##.+
.##.......##.†##..#
.##.......##..#..#
###.......##..#S.#
.###########..'.@+
############..#Y.#
#....#..[[##..#..#
#....#..[[##..##..#
'.)..'..))##...##.+
#....#!.))##.)..###
#....#..))##..%...#
###################


You could see a catoblepas and a black mamba.

Vanquished Creatures
  A merfolk siren (D)
  An efreet (D)
  A jumping spider (D)
  A hornet (D)
  A flying skull (D)
  A warg (D)
  A floating eye (D)
  A swamp drake (D)
  An eye of draining (D)
  A sky beast (D)
  A hound (D)
  A quasit (D)
  An orc priest (D)
  A jelly (D)
  An orc wizard (D)
  A worker ant (D)
  A gnoll (D)
  An ufetubus (D)
  An ooze (D)
  5 orcs (D)
  A bat skeleton (D)
  A giant cockroach (D)
  A hobgoblin (D)
  2 ball pythons (D)
  A frilled lizard (D)
  A jackal skeleton (D)
  A rat (D)
32 creatures vanquished.

Vanquished Creatures (collateral kills)
  An orc warrior (D)
  An orc (D)
2 creatures vanquished.

Grand Total: 34 creatures vanquished

Notes
Turn   | Place    | Note
-------+----------+-------------------------------------------
     0 | D        | Fang the Gargoyle Berserker began the quest for the Orb.
     0 | D        | Reached XP level 1. HP: 14/14 MP: 1/1
    20 | D        | Found a bloodstained altar of Trog.
    20 | D        | Found a deep blue altar of Sif Muna.
    20 | D        | Found a viscous altar of Jiyva.
    20 | D        | Found a hazy altar of Hepliaklqana.
    20 | D        | Found an opulent altar of Gozag.
    59 | D        | Reached skill level 3 in Axes
    59 | D        | Reached XP level 2. HP: 20/20 MP: 2/2
    61 | D        | Reached ** piety under Trog
   102 | D        | Reached skill level 5 in Fighting
   102 | D        | Reached skill level 4 in Axes
   102 | D        | Reached XP level 3. HP: 9/26 MP: 3/3
   317 | D        | Reached *** piety under Trog
   323 | D        | Reached **** piety under Trog
   324 | D        | Reached skill level 5 in Axes
   324 | D        | Reached XP level 4. HP: 28/32 MP: 4/4
   477 | D        | Found a glowing golden altar of the Shining One.
   477 | D        | Found a glowing silver altar of Zin.
   477 | D        | Found a basalt altar of Yredelemnul.
   477 | D        | Found a shimmering altar of Xom.
   477 | D        | Found an ornate altar of the Wu Jian Council.
   477 | D        | Found a sacrificial altar of Ru.
   477 | D        | Found a stormy altar of Qazlal.
   477 | D        | Found an iron altar of Okawaru.
   477 | D        | Found a sparkling altar of Nemelex Xobeh.
   477 | D        | Found a burning altar of Makhleb.
   477 | D        | Found a blossoming altar of Fedhas.
   477 | D        | Found a white marble altar of Elyvilon.
   477 | D        | Found a shadowy altar of Dithmenos.
   477 | D        | Found a snail-covered altar of Cheibriados.
   478 | D        | Found a radiant altar of Vehumet.
   478 | D        | Found a corrupted altar of Lugonu.
   478 | D        | Found a roughly hewn altar of Beogh.
   479 | D        | Found a hide-covered altar of Uskayaw.
   479 | D        | Found an ancient bone altar of Kikubaaqudgha.
   479 | D        | Found a shattered altar of Ashenzari.
   504 | D        | Noticed a warg
   511 | D        | Killed a warg
   511 | D        | Reached skill level 7 in Axes
   511 | D        | Reached skill level 1 in Stealth
   511 | D        | Reached XP level 5. HP: 22/38 MP: 5/5
   513 | D        | Noticed a sky beast
   514 | D        | Reached ***** piety under Trog
   519 | D        | Noticed an orc warrior
   519 | D        | Reached XP level 6. HP: 23/44 MP: 6/6
   521 | D        | Killed a sky beast
   521 | D        | Reached skill level 8 in Axes
   534 | D        | Killed an orc warrior
   534 | D        | Received a gift from Trog
   534 | D        | Reached skill level 9 in Axes
   534 | D        | Reached skill level 5 in Armour
   761 | D        | Noticed a hornet
   771 | D        | Killed a hornet
   771 | D        | Reached skill level 10 in Axes
   771 | D        | Reached XP level 7. HP: 31/51 MP: 7/7
   853 | D        | Noticed a flying skull
   865 | D        | Killed a flying skull
   865 | D        | Reached skill level 10 in Fighting
   866 | D        | Received a gift from Trog
   959 | D        | Noticed a merfolk siren
   961 | D        | Reached skill level 11 in Axes
   961 | D        | Reached skill level 5 in Dodging
   961 | D        | Reached XP level 8. HP: 57/57 MP: 0/8
   976 | D        | Killed a merfolk siren
   976 | D        | Reached skill level 12 in Axes
  1265 | D        | Noticed a jumping spider
  1276 | D        | Killed a jumping spider
  1315 | D        | Noticed an efreet
  1322 | D        | Killed an efreet
  1322 | D        | Reached XP level 9. HP: 38/64 MP: 9/9
  1458 | D        | Noticed a black mamba
  1458 | D        | Noticed a catoblepas
  1464 | D        | Slain by a catoblepas

Skill      XL: |  1  2  3  4  5  6  7  8 |
---------------+-------------------------+-----
Fighting       | 4 5 6 7 9 10 11 | 11.0
Axes           | 3 4 5 7 10 11 12 | 12.9
Dodging        | 2 3 4 5 |  5.4
Armour         | 3 4 6 7 9 |  9.7
Stealth        | 1 2 |  2.9

Action                   |  1- 3 |  4- 6 |  7- 9 || total
-------------------------+-------+-------+-------++-------
Melee: Hand axe          |    33 |    23 |       ||    56
       War axe           |       |    12 |    39 ||    51
Invok: Berserk           |     1 |     1 |     1 ||     3
       Brothers in Arms  |       |     1 |       ||     1
  Use: Potion            |       |     1 |       ||     1
 Stab: Sleeping          |     1 |       |       ||     1
  Eat: Chunk             |       |     2 |     1 ||     3
Armor: Animal skin       |    12 |       |       ||    12
       Chain mail        |       |    18 |    10 ||    28
       Plate armour      |       |       |    14 ||    14
Dodge: Dodged            |    19 |    12 |    15 ||    46
